 Dungeon Crawl Stone Soup version 0.20-a0-923-g548304e (webtiles) character file.

39 Doomer the Vexing (level 3, -9/20 HPs)
             Began as a Deep Elf Arcane Marksman on Mar 26, 2017.
             Mangled by Sigmund
             ... wielding a +0 scythe
              (15 damage)
             ... on level 2 of the Dungeon.
             The game lasted 00:03:07 (704 turns).

Doomer the Vexing (Deep Elf Arcane Marksman)         Turns: 704, Time: 00:03:08

Health: -9/20      AC:  2    Str:  7    XL:     3   Next: 26%
Magic:  6/7        EV: 13    Int: 17    God:
Gold:   87         SH:  0    Dex: 16    Spells: 4/5 levels left

rFire    . . .     SeeInvis .   a - +0 shortbow
rCold    . . .     Gourm    .   (shield currently unavailable)
rNeg     . . .     Faith    .   e - +0 robe
rPois    .         Spirit   .   (no helmet)
rElec    .         Reflect  .   (no cloak)
rCorr    .         Harm     .   (no gloves)
MR       .....                  (no boots)
Stlth    +.........             (no amulet)
Regen    0.1/turn               (no ring)
MPRegen  0.1/turn               (no ring)

@: no status effects
A: no striking features
a: no special abilities


You were on level 2 of the Dungeon.
You were not hungry.

You visited 1 branch of the dungeon, and saw 2 of its levels.

You collected 87 gold pieces.

Inventory:

Hand Weapons
 a - a +0 shortbow (weapon)
Missiles
 d - 34 arrows (quivered)
Armour
 e - a +0 robe (worn)
Scrolls
 b - a scroll of identify {unknown}
 j - a scroll of teleportation {unknown}
 l - a scroll of magic mapping {unknown}
 n - a scroll of fog {unknown}
 o - a scroll of noise {unknown}
Potions
 g - a potion of brilliance {unknown}
 h - a potion of curing {unknown}
 i - a potion of might {unknown}
 k - a potion of degeneration {unknown}
 p - 2 potions of magic {unknown}
Books
 c - a book of Debilitation

   Spells                             Type                      Level
   a - Corona                         Hexes                        1
   b - Slow                           Hexes                        2
   c - Inner Flame                    Hexes/Fire                   3
   d - Portal Projectile              Hexes/Translocation          3
   e - Cause Fear                     Hexes                        4
   f - Leda's Liquefaction            Hexes/Earth                  4
Comestibles
 f - a bread ration
 m - a meat ration


   Skills:
 + Level 1.1 Fighting
 + Level 3.2 Bows
 + Level 2.6 Dodging
 + Level 1.5 Spellcasting
 + Level 4.6 Hexes


You had 4 spell levels left.
You knew the following spells:

 Your Spells              Type           Power        Failure   Level  Hunger
a - Corona                Hex            ###....      2%          1    ##.....


Dungeon Overview and Level Annotations

Branches:
Dungeon (2/15)

Altars:
Xom

Annotations:
D:2 Sigmund


Message History

Press: ? - help, Shift-Dir - straight line, f/p - Sigmund
Aim: Sigmund, wielding a scythe and wearing a robe (lightly wounded, softly glowing)
You shoot an arrow. The arrow hits Sigmund.
Sigmund is moderately wounded.
Sigmund stops glowing.
Firing (i - inventory):
d - 36 arrows (quivered)
Press: ? - help, Shift-Dir - straight line, f/p - Sigmund
Aim: Sigmund, wielding a scythe and wearing a robe (moderately wounded)
You shoot an arrow.
The arrow hits Sigmund but does no damage.
Sigmund is moderately wounded.
Firing (i - inventory):
d - 35 arrows (quivered)
Press: ? - help, Shift-Dir - straight line, f/p - Sigmund
Aim: Sigmund, wielding a scythe and wearing a robe (moderately wounded)
You shoot an arrow. The arrow hits Sigmund.
Sigmund is heavily wounded.
Sigmund giggles. "Time to reap what you sow."
Sigmund hits you from afar with a scythe!
Ouch! That really hurt!
You die...

.## ####+###.((
#........###
#.......... #........#
#.....(..# #....@...#
#........# #....@...#
#........# #........#
#........#
############........#
.........#....###'#.##
.........#.##.###.#..#
.........'.##.....##.##
.........###......)#..#


You could see Sigmund.

Vanquished Creatures
  3 dart slugs (D:1)
  A leopard gecko (D:1)
  A giant cockroach (D:1)
  6 goblins (D:1)
  5 hobgoblins (D:1)
  5 kobolds
  4 bats (D:1)
  A frilled lizard (D:1)
  2 rats (D:1)
28 creatures vanquished.

Notes
Turn   | Place    | Note
-------+----------+-------------------------------------------
     0 | D:1      | Doomer the Deep Elf Arcane Marksman began the quest for the Orb.
     0 | D:1      | Reached XP level 1. HP: 11/11 MP: 5/5
    87 | D:1      | Reached XP level 2. HP: 15/16 MP: 6/6
    91 | D:1      | Reached skill level 1 in Fighting
   367 | D:1      | Reached XP level 3. HP: 18/20 MP: 7/7
   503 | D:1      | Found a hazy altar of Hepliaklqana.
   505 | D:1      | Found a glowing silver altar of Zin.
   505 | D:1      | Found a glowing golden altar of the Shining One.
   507 | D:1      | Found a sacrificial altar of Ru.
   507 | D:1      | Found a shimmering altar of Xom.
   507 | D:1      | Found a deep blue altar of Sif Muna.
   695 | D:2      | Noticed Sigmund
   704 | D:2      | Mangled by Sigmund

Vault maps used:
D:1:      lightli_iron_boxes, minmay_tree_intersection, doesnt_xom_only_xom
D:2:      first_bread, columned_hall_lemuel, uniq_sigmund, uniq_natasha

Skill      XL: |  1  2  3 |
---------------+----------+-----
Fighting       | 1 |  1.1
Bows           | 3 |  3.2
Dodging        | |  2.6
Spellcasting   | |  1.5
Hexes          | |  4.6

Action                   || total
-------------------------++-------
 Fire: Shortbow          ||    88
 Cast: Corona            ||     1
Armor: Robe              ||     4
Dodge: Dodged            ||    16
